 Dungeon Crawl Stone Soup version 0.31-a0-662-g684573625c (webtiles) character file.

Game seed: 11495333184842379606

1589 DrMo the Trooper (level 8, -6/66 (74) HPs)
             Began as a White Draconian Monk on Sept 2, 2023.
             Mangled by a wight
             ... wielding a +0 halberd
              (17 damage)
             ... on level 6 of the Dungeon.
             The game lasted 00:07:41 (5835 turns).

DrMo the Trooper (White Draconian Monk)             Turns: 5835, Time: 00:07:42

HP:   -6/66 (74)    AC:  6    Str: 17    XL:     8   Next: 61%
MP:   8/8           EV: 14    Int: 10    God:
Gold: 114           SH:  0    Dex: 13    Spells: 7/7 levels left

rFire   . .          .
                       - Unarmed
rCold   + . .        b - orb {light}
rNeg    . . .        (body armour unavailable)
rPois   .            (helmet restricted)
rElec   .            (no cloak)
rCorr   .            (no gloves)
SInv    +            (no boots)
Will    .....        (no amulet)
Stlth   +            d - ring of see invisible
HPRegen 0.31/turn    (no ring)
MPRegen 0.11/turn

%: no passive effects
@: short of breath, glowing, heavily drained
A: breathe frost, AC +6, unfitting armour, cold resistance 1, cold-blooded
a: Breathe Frost


You were on level 6 of the Dungeon.
You visited 1 branch of the dungeon, and saw 6 of its levels.

You collected 240 gold pieces.
You spent 126 gold pieces at shops.

Inventory:

Armour
 b - an orb of light (worn)
Jewellery
 d - a ring of see invisible (left hand)
 s - a +6 ring of intelligence
Talismans
 t - a flux talisman
Scrolls
 a - a scroll of identify
 c - a scroll of poison
 e - a scroll of revelation
 f - a scroll of blinking
 l - 2 scrolls of teleportation {unknown}
 m - 3 scrolls of fog
 n - a scroll of silence
 p - a scroll of amnesia
 q - a scroll of noise
 r - a scroll of vulnerability
 v - a scroll of enchant armour {unknown}
 x - a scroll of fear {unknown}
Potions
 g - a potion of brilliance
 h - a potion of enlightenment {unknown}
 i - a potion of degeneration {unknown}
 j - 2 potions of curing
 k - 2 potions of might
 o - a potion of haste
 w - a potion of berserk rage {unknown}


   Skills:
 + Level 7.7 Fighting
 + Level 6.3 Dodging
 + Level 6.9 Unarmed Combat


You had 7 spell levels left.
You didn't know any spells.
Your spell library contained the following spells:

 Spells                   Type           Power      Damage    Failure   Level
 Foxfire                  Conj/Fire      0%         2x1d4     36%         1
 Slow                     Hex            0%         N/A       36%         1
 Ensorcelled Hibernation  Hex/Ice        0%         N/A       50%         2
 Confusing Touch          Hex            0%         N/A       75%         3
 Gell's Gravitas          Tloc           0%         N/A       75%         3
 Hailstorm                Conj/Ice       0%         3d3       75%         3
 Mephitic Cloud           Conj/Pois/Air  0%         N/A       75%         3
 Teleport Other           Tloc           0%         N/A       75%         3
 Vampiric Draining        Necr           0%         2d6       75%         3
 Dispersal                Tloc           0%         N/A       100%        6
 Plasma Beam              Fire/Air       0%         2x1d10    100%        6
 Starburst                Conj/Fire      0%         6d3       100%        6
 Malign Gateway           Summ/Tloc      0%         N/A       100%        7
 Summon Horrible Things   Summ           0%         N/A       100%        8
 Fire Storm               Conj/Fire      0%         5d1       100%        9


Dungeon Overview and Level Annotations

Branches:
Dungeon (6/15)
 Temple: D:4-7

Altars:
Cheibriados
Yredelemnul

Shops:
D:3 ?

Annotations:
D:5 Grinder, Sigmund


Innate Abilities, Weirdness & Mutations

You can breathe waves of freezing cold which knock back foes.
Your icy white scales are hard. (AC +6)
You cannot fit into any form of body armour.
Your flesh is cold resistant. (rC+)
You are cold-blooded and may be slowed by cold attacks.


Message History

You are too injured to fight recklessly!
You are too injured to fight recklessly!
You are too injured to fight recklessly!
You are too injured to fight recklessly!
You are too injured to fight recklessly!
You are too injured to fight recklessly!
You are too injured to fight recklessly!
The wight completely misses you.
Okay, then.
You are confused.
You feel invigorated. The wight closely misses you.
The wight closely misses you. The wight closely misses you.
The wight hits you from afar with a +0 halberd.
You feel drained.
You barely miss the wight. The wight misses you. x2
You're too confused to move!
You feel less invigorated.
You feel less confused. The wight hits you with a +0 flail!
The wight hits you from afar with a +0 halberd!
You feel drained.
You punch the wight! You tail-slap the wight.
The wight is heavily damaged.
The wight hits you with a +0 flail!
You feel drained. The wight completely misses you.
You punch the wight!
You destroy the wight!
The wight misses you.
The wight hits you from afar with a +4 halberd!
* * * LOW HITPOINT WARNING * * *
The wight barely misses you.
Things that are here:
a +0 flail; a +0 robe You barely miss the wight.
The wight is moderately damaged.
The wight misses you.
You hit the wight. You tail-slap the wight.
The wight is almost destroyed.
The wight hits you with a +0 halberd!
You die...

#.# #......####..........#
#.# #.#.#.##.....######.##
#.#.#.##.#..........#
#######....##.....########
≈≈≈≈≈≈##.#####.#.##
.....≈#........#.#
.###.≈#.########.# .#
#..'.# #.# .###.≈### #@#
## .....≈# ##z##.##
≈≈≈≈≈≈# #####.z#...##
####### .............#
######.##...## #. #.## #.
.# #. # #.


You could see 2 wights.

Vanquished Creatures
  Edmund (D:4)
  A water moccasin (D:6)
  3 ice beasts
  3 ogres
  A phantom (D:6)
  A scorpion (D:6)
  5 wights (D:6)
  A hound (D:4)
  An orc priest (D:5)
  A jelly (D:4)
  5 iguanas
  Ijyb (D:2)
  Natasha (D:2)
  Robin (D:2)
  6 adders
  3 white imps
  2 worms
  7 orcs
  5 bats
  7 endoplasms
  3 giant cockroaches
  21 goblins
  9 hobgoblins
  6 jackals
  A quokka (D:2)
  2 ball pythons (D:2)
  A frilled lizard (D:1)
  5 kobolds
  13 rats
117 creatures vanquished.

Notes
Turn   | Place    | Note
-------+----------+-------------------------------------------
     0 | D:1      | DrMo the Draconian Monk began the quest for the Orb.
     0 | D:1      | Reached XP level 1. HP: 19/19 MP: 1/1
   313 | D:1      | Reached XP level 2. HP: 26/26 MP: 2/2
  1138 | D:2      | Noticed Robin
  1207 | D:2      | Got the Directory of the Glacier and Blasts
  1252 | D:2      | Reached XP level 3. HP: 30/33 MP: 3/3
  1464 | D:2      | Reached skill level 4 in Fighting
  1650 | D:2      | Killed Robin
  1688 | D:2      | Reached XP level 4. HP: 33/40 MP: 4/4
  2220 | D:2      | Noticed Natasha
  2225 | D:2      | Killed Natasha
  2487 | D:3      | Noticed Ijyb
  2510 | D:2      | Killed Ijyb
  2511 | D:2      | Reached XP level 5. HP: 21/47 MP: 5/5
  2769 | D:3      | Found Jelazior's Magic Scroll Emporium.
  2777 | D:3      | Bought a scroll of noise for 14 gold pieces
  2777 | D:3      | Bought a scroll of identify for 28 gold pieces
  2780 | D:3      | Bought a scroll of identify for 28 gold pieces
  2780 | D:3      | Bought a scroll of vulnerability for 56 gold pieces
  2803 | D:3      | Found a snail-covered altar of Cheibriados.
  3414 | D:4      | Noticed Edmund
  3436 | D:4      | Killed Edmund
  3437 | D:4      | Reached skill level 5 in Fighting
  3437 | D:4      | Reached XP level 6. HP: 28/56 MP: 6/6
  4498 | D:5      | Entered Level 5 of the Dungeon
  4499 | D:5      | Noticed an ice beast
  4499 | D:5      | Noticed Grinder
  4500 | D:5      | Noticed Sigmund
  4603 | D:5      | Reached skill level 5 in Unarmed Combat
  4734 | D:5      | Noticed an ice beast
  4746 | D:5      | Killed an ice beast
  4747 | D:5      | Your scales start taking on an icy white colour.
  4747 | D:5      | Reached XP level 7. HP: 62/62 MP: 7/7
  4747 | D:5      | Gained mutation: Your flesh is cold resistant. (rC+) [White
                  | Draconian growth]
  4770 | D:5      | Reached skill level 6 in Fighting
  4999 | D:5      | Reached skill level 5 in Dodging
  5171 | D:6      | Reached XP level 8. HP: 55/71 MP: 8/8
  5287 | D:6      | Found a basalt altar of Yredelemnul.
  5294 | D:6      | Reached skill level 7 in Fighting
  5835 | D:6      | Mangled by a wight

Illustrated notes

Levels and vault maps discovered:
D:1:      lemuel_arrival_behind_the_door_small, layout_basic,
          serial_bayou_lagoon_a
D:2:      layout_basic, minmay_rat_gold_closets, uniq_robin, uniq_natasha
D:3:      layout_rooms, slow_altar_1, serial_shops, shop, uniq_ijyb
D:4:      layout_rooms, st_stairs_8, uniq_edmund
D:5:      layout_loops_ring, grunt_ministairs_2, serial_bayou_pond_a,
          uniq_sigmund, uniq_grinder
D:6:      layout_loops_ring, nicolae_vehumet_radiance,
          nicolae_overflow_hidden_temple, kennysheep_generic_room_11

Skill      XL: |  1  2  3  4  5  6  7  8 |
---------------+-------------------------+-----
Dodging        | 3 4 5 6 |  6.3
Fighting       | 4 5 6 7 |  7.7
Unarmed Combat | 4 5 6 |  6.9

Action                     |  1- 3 |  4- 6 |  7- 9 || total
---------------------------+-------+-------+-------++-------
  Melee: Unarmed           |   118 |   159 |    96 ||   373
         Tailslap          |    19 |    32 |    20 ||    71
Ability: Breathe Frost     |       |       |     6 ||     6
  Evoke: Wand              |       |     4 |     3 ||     7
    Use: Scroll            |     1 |     8 |     2 ||    11
         Potion            |       |     1 |     1 ||     2
   Stab: Invisible         |       |     3 |       ||     3
 Armour: Skin              |    49 |    85 |    59 ||   193
  Dodge: Dodged            |    48 |    85 |    66 ||   199

Table legend: (Time is in decaauts)
 A = Elapsed time spent in this place.
 B = Non-inter-level travel time spent in this place.
 C = Inter-level travel time spent in this place.
 D = Time resting spent in this place.
 E = Time spent auto-exploring this place.
 F = Levels seen in this place.
 G = Mean time per level.
                   A        B        C        D        E       F      G
               +--------+--------+--------+--------+--------+-----+--------+
         Total |   5812 |   5622 |    190 |   1580 |   3197 |   6 |  968.7 |
       Dungeon |   5812 |   5622 |    190 |   1580 |   3197 |   6 |  968.7 |
               +--------+--------+--------+--------+--------+-----+--------+

Top non-repeatable levels by time:
     D:2: 1448 daAuts
     D:1: 1155 daAuts
     D:4: 1138 daAuts
     D:3: 787 daAuts
     D:6: 673 daAuts
     D:5: 609 daAuts
